 Dungeon Crawl Stone Soup version 0.23.1-37-gaa34b87 (webtiles) character file.

Game seed: 9118274452263442361

1570 Borgoz the Skirmisher (level 8, 0/70 HPs)
             Began as a Ghoul Monk on Mar 22, 2019.
             Was a Believer of Ashenzari.
             Slain by Harold
             ... wielding a +3 flail of holy wrath
              (14 damage)
             ... on level 7 of the Dungeon.
             The game lasted 00:10:56 (5277 turns).

Borgoz the Skirmisher (Ghoul Monk)                  Turns: 5277, Time: 00:10:56

Health: 0/70       AC:  6    Str: 20    XL:     8   Next: 90%
Magic:  7/7        EV: 13    Int:  7    God:    Ashenzari [**....]
Gold:   224        SH:  0    Dex: 11    Spells: 7/7 levels left

rFire    . . .     SeeInvis .   a - +5 rapier (curse)
rCold    + . .     Gourm    .   (no shield)
rNeg     + + +     Faith    .   t - +0 ring mail
rPois    ∞         Spirit   .   (no helmet)
rElec    .         Reflect  .   (no cloak)
rCorr    .         Harm     .   (no gloves)
MR       .....                  (no boots)
Stlth    ++........             (no amulet)
HPRegen  0.00/turn              e - ring of stealth
MPRegen  0.10/turn              u - ring of wizardry

@: mighty, marked, rotting
A: rotting body, claws 1, carnivore, cold resistance 1, negative energy
resistance 3, inhibited regeneration, torment resistance, unbreathing
a: Curse Item, Scrying, Renounce Religion


You were on level 7 of the Dungeon.
You worshipped Ashenzari.
Ashenzari was pleased with you.
You were not hungry.

You visited 2 branches of the dungeon, and saw 8 of its levels.

You collected 314 gold pieces.
You spent 90 gold pieces at shops.

Inventory:

Hand Weapons
 a - a cursed +5 rapier (weapon)
 b - a +0 blowgun
 i - a +2 dagger of venom
Missiles
 j - 34 poisoned needles
Armour
 t - a +0 ring mail (worn)
Jewellery
 e - a ring of stealth (left claw)
 p - a +5 ring of protection
 u - a ring of wizardry (right claw)
Wands
 h - a wand of iceblast (7)
 k - a wand of acid (4)
Scrolls
 m - a scroll of teleportation
 q - a scroll of amnesia
Potions
 f - 2 potions of brilliance
 g - a potion of resistance
Comestibles
 l - 16 rations


   Skills:
 + Level 5.9 Fighting
 * Level 5.4(7.7) Short Blades
 * Level 5.3 Armour
 + Level 5.1 Dodging
 - Level 2.1 Stealth
 - Level 3.2 Unarmed Combat


You had 7 spell levels left.
You didn't know any spells.
Your spell library was empty.

Dungeon Overview and Level Annotations

Branches:
Dungeon (7/15)             Temple (1/1) D:6

Altars:
Ashenzari
Cheibriados
Dithmenos
Elyvilon
Fedhas
Gozag
Kikubaaqudgha
Makhleb
Nemelex Xobeh
Okawaru
Qazlal
Ru
Sif Muna
Trog
Uskayaw
Vehumet
Wu Jian
Xom
Yredelemnul
Zin
The Shining One

Shops:
D:6 =

Annotations:
D:7 Harold


Innate Abilities, Weirdness & Mutations

Your body is rotting away.
You thrive on raw meat.
You are immune to poison.
You have sharp fingernails.
You are carnivorous and can eat meat at any time.
Your flesh is cold resistant. (rC+)
You are immune to negative energy. (rN+++)
You do not regenerate when monsters are visible.
You are immune to unholy pain and torment.
You can survive without breathing.


Message History

You feel very mighty all of a sudden. Harold barely misses you.
You hit Harold.
Harold is heavily wounded.
You hit Harold.
Harold is heavily wounded.
Harold closely misses you.
You puncture Harold!
Harold is severely wounded.
Harold hits you with a +3 flail of holy wrath!
* * * LOW HITPOINT WARNING * * *
You convulse!
* * * LOW HITPOINT WARNING * * *
You puncture Harold!
Harold is almost dead.
Okay, then.
You feel better.
Harold pauses a moment, imagining something with a smile on his face.
Harold hits you with a +3 flail of holy wrath!
You die...

, * , ,, #. **
*
*#############.
#.....).......
#.############
#.#, , ♣♣###*
#(# * ♣♣P...#
#.#, , *
♣.....@####.#
,* *
.P.....@!...#,
* *
♣....###.#### ,
♣♣♣ #.# ** **
..# , * * *
#### ** , , , ,
, , * * * , *


You could see Harold.

Vanquished Creatures
  An ice beast (D:5)
  An orc warrior (D:6)
  2 sky beasts (D:6)
  A phantom (D:5)
  An ogre (D:5)
  A centaur (D:5)
  A bullfrog (D:7)
  A crimson imp (D:6)
  A bullfrog zombie (D:6)
  2 jellies (D:5)
  A centaur skeleton (D:6)
  4 orc priests
  A bullfrog skeleton (D:5)
  2 hounds (D:5)
  3 iguanas
  Ijyb (D:5)
  2 orc wizards
  3 worker ants (D:4)
  2 hound skeletons
  3 worker ant zombies
  4 gnolls (D:2)
  12 adders
  An adder zombie (D:5)
  A worm (D:4)
  2 dart slugs (D:1)
  4 leopard geckos
  17 orcs
  4 bats
  A giant cockroach (D:1)
  8 hobgoblins
  7 jackals
  3 quokkas
  4 frilled lizards
  9 goblins
  6 kobolds
  27 rats
144 creatures vanquished.

Notes
Turn   | Place    | Note
-------+----------+-------------------------------------------
     0 | D:1      | Borgoz the Ghoul Monk began the quest for the Orb.
     0 | D:1      | Reached XP level 1. HP: 19/19 MP: 0/0
    32 | D:1      | Reached XP level 2. HP: 20/26 MP: 1/1
    48 | D:1      | Reached skill level 1 in Armour
   219 | D:1      | Reached XP level 3. HP: 31/31 MP: 2/2
   639 | D:2      | Found a deep blue altar of Sif Muna.
   745 | D:2      | Reached skill level 1 in Short Blades
   751 | D:2      | Reached XP level 4. HP: 14/40 MP: 3/3
  1469 | D:2      | Found an iron altar of Okawaru.
  1595 | D:3      | Reached XP level 5. HP: 43/45 MP: 4/4
  1735 | D:3      | Found a hide-covered altar of Uskayaw.
  1849 | D:3      | Found Zin's Purification Station.
  1852 | D:3      | Found a glowing silver altar of Zin.
  1876 | D:3      | Bought a potion of curing for 90 gold pieces
  1972 | D:2      | Reached XP level 6. HP: 26/52 MP: 5/5
  3240 | D:5      | Entered Level 5 of the Dungeon
  3314 | D:5      | Noticed a phantom
  3322 | D:5      | Reached XP level 7. HP: 46/60 MP: 6/6
  3381 | D:5      | Noticed Ijyb
  3401 | D:5      | Killed Ijyb
  3519 | D:5      | Reached skill level 5 in Fighting
  3626 | D:5      | Found a shimmering altar of Xom.
  3789 | D:5      | Found a burning altar of Makhleb.
  3806 | D:5      | Reached XP level 8. HP: 52/68 MP: 7/7
  4237 | D:6      | Found a radiant altar of Vehumet.
  4254 | D:6      | Found a staircase to the Ecumenical Temple.
  4270 | Temple   | Entered the Ecumenical Temple
  4517 | Temple   | Became a worshipper of Ashenzari the Shackled
  4517 | Temple   | Reached * piety under Ashenzari
  4517 | Temple   | Reached ** piety under Ashenzari
  4579 | D:6      | Found Ruxaih's Jewellery Boutique.
  4797 | D:6      | Reached skill level 5 in Short Blades
  4800 | D:6      | Reached skill level 5 in Armour
  4939 | D:6      | Reached skill level 5 in Dodging
  5027 | D:6      | Found an ancient bone altar of Kikubaaqudgha.
  5263 | D:7      | Noticed Harold
  5277 | D:7      | Slain by Harold

Skill      XL: |  1  2  3  4  5  6  7  8 |
---------------+-------------------------+-----
Armour         | 1 2 3 4 5 |  5.3
Dodging        | 3 4 5 |  5.1
Short Blades   | 1 2 3 4 5 |  5.4
Fighting       | 4 5 |  5.9
Stealth        | |  2.1
Unarmed Combat | |  3.2

Action                   |  1- 3 |  4- 6 |  7- 9 || total
-------------------------+-------+-------+-------++-------
Melee: Unarmed           |   102 |   285 |    34 ||   421
       Punch             |     1 |     2 |     3 ||     6
       Rapier            |       |       |   182 ||   182
Invok: Curse Item        |       |       |     1 ||     1
Evoke: Wand              |       |       |     3 ||     3
  Use: Potion            |     4 |     1 |     4 ||     9
       Scroll            |       |     6 |     2 ||     8
 Stab: Sleeping          |     3 |    12 |     1 ||    16
       Distracted        |       |       |     1 ||     1
  Eat: Chunk             |     9 |    28 |    23 ||    60
Armor: Robe              |    11 |    21 |       ||    32
       Ring mail         |       |    36 |    70 ||   106
Dodge: Dodged            |    66 |   212 |   122 ||   400
